Map: Tokamak LE

Players

LigerMaNN - Winner!

  • Race: Zerg Zerg
  • League: Diamond
  • Spawn Location: 7:00

Xsist

  • Race: Protoss Protoss
  • League: Diamond
  • Spawn Location: 1:00

VOD

Have the link to the VOD?

Description

Time

  • Played on: June 4, 2025, 10:35 p.m.
  • Length: 10:56
Show
View Real Time Build Order
Export as new Build Order

LigerMaNN Zerg - Winner!

Build Orders: Hatch First 

Get SALT Encoding   

  12  0:00  Drone  
  13  0:12  Overlord  
  13  0:16  Drone  
  14  0:31  Drone  
  14  0:32  Drone  
  16  0:48  Hatchery  
  15  0:50  Drone  
  15  0:53  Drone  
  17  0:57  Drone  
  18  1:09  Extractor  
  17  1:14  Spawning Pool  
  17  1:16  Drone  
  17  1:20  Drone  
  18  1:28  Drone  
  19  1:38  Overlord  
  19  2:09  Queen x2  
  19  2:10  Zergling x6  
  19  2:14  Metabolic Boost  
  26  2:23  Zergling x6  
  26  2:25  Zergling x2  
  30  2:52  Drone x4  
  34  3:17  Drone  
  34  3:18  Drone  
  36  3:27  Overlord x4  
  36  3:42  Hatchery  
  34  3:51  Drone x5  
  34  3:52  Drone x2  
  34  3:54  Spore Crawler  
  34  3:55  Spore Crawler  
  35  4:14  Lair  
  35  4:15  Queen  
  35  4:23  Drone x3  
  38  4:28  Drone x2  
  38  4:29  Drone  
  41  4:32  Extractor  
  41  4:33  Drone, Extractor  
  41  4:38  Drone x3  
  41  4:39  Drone  
  41  4:40  Drone x2  
  41  4:43  Evolution Chamber  
  41  4:45  Baneling Nest  
  44  4:58  Drone x4  
  44  4:59  Drone  
  49  5:00  Drone  
  50  5:09  Spore Crawler  
  50  5:12  Drone x7  
  56  5:14  Queen  
  56  5:16  Queen  
  60  5:25  Zerg Missile Weapons Level 1, Hydralisk Den  
  59  5:36  Drone x2  
  59  5:37  Drone  
  59  5:38  Drone  
  59  5:39  Drone  
  59  5:41  Drone  
  65  5:43  Drone, Hatchery  
  65  5:47  Overlord x2  
  65  5:55  Extractor  
  64  5:57  Extractor  
  64  5:59  Centrifugal Hooks  
  64  6:00  Muscular Augments  
  64  6:04  Drone x2  
  65  6:05  Drone  
  65  6:06  Drone x6  
  72  6:19  Zergling x10  
  77  6:41  Spore Crawler  
  77  6:42  Hydralisk x2  
  77  6:44  Overlord x3  
  77  6:45  Overlord x2  
  80  6:47  Zergling x2  
  81  6:56  Hydralisk x3  
  87  7:04  Grooved Spines  
  87  7:09  Hydralisk  
  87  7:10  Hydralisk x6  
  87  7:12  Zergling x8  
  87  7:13  Zergling x8  
  109  7:28  Zergling x10  
  109  7:46  Drone x2  
  109  7:50  Hydralisk x8  
  126  7:53  Baneling x7  
  126  7:54  Zergling x2  
  126  7:56  Overlord  
  127  8:05  Overlord x4  
  127  8:11  Hatchery  
  126  8:16  Zergling x8  
  130  8:25  Infestation Pit  
  98  8:51  Zergling x30  
  105  9:11  Hydralisk x12  
  105  9:12  Hydralisk  
  105  9:14  Baneling x12  
  105  9:15  Baneling  
  105  9:16  Zergling x4  
  133  9:20  Drone x2  
  135  9:34  Hive  
  135  9:41  Zergling x20  
  135  9:42  Zergling x8  
  149  9:48  Queen  
  149  9:49  Drone  
  149  9:50  Drone x4  
  149  9:52  Extractor  
  155  9:54  Extractor  
  154  10:02  Zergling x26  
Show
View Real Time Build Order
Export as new Build Order

Xsist Protoss 

Build Orders: 1 Gate Expand, Oracle Opening 

Get SALT Encoding   

  12  0:01  Probe  
  13  0:14  Probe  
  14  0:21  Pylon  
  14  0:26  Probe  
  15  0:38  Probe  
  15  0:42  Gateway  
  16  0:46  Probe  
  16  0:51  Assimilator  
  16  0:54  Probe  
  18  1:05  Probe  
  19  1:23  Nexus  
  19  1:34  Probe  
  19  1:37  Cybernetics Core  
  20  1:42  Probe  
  20  1:44  Assimilator  
  21  1:52  Probe  
  22  2:02  Pylon  
  22  2:04  Probe  
  23  2:17  Stalker  
  23  2:20  Probe  
  26  2:29  Stargate  
  26  2:35  Probe  
  27  2:40  Pylon  
  27  2:43  Probe, Shield Battery  
  28  2:47  Probe  
  29  2:56  Probe  
  30  2:59  Probe  
  30  3:03  Oracle  
  29  3:08  Probe  
  29  3:11  Probe  
  36  3:20  Probe  
  36  3:23  Probe  
  38  3:33  Pylon  
  38  3:38  Probe  
  38  3:39  Probe  
  36  4:12  Probe x2  
  36  4:13  Pylon, Adept  
  36  4:15  Pylon  
  38  4:23  Pylon  
  42  4:36  Nexus  
  42  4:37  Void Ray  
  42  4:38  Probe x2  
  44  4:49  Cybernetics Core  
  44  4:52  Pylon  
  44  4:55  Probe x2  
  44  4:58  Zealot  
  48  5:06  Assimilator  
  49  5:07  Probe  
  49  5:10  Forge, Assimilator  
  49  5:20  Probe  
  49  5:21  Probe  
  51  5:33  Probe x2  
  53  5:37  Protoss Ground Weapons Level 1  
  53  5:48  Robotics Facility x2  
  53  5:50  Pylon  
  53  5:52  Probe x2  
  53  5:53  Pylon  
  53  5:54  Warp Gate  
  55  5:59  Pylon  
  55  6:02  Pylon  
  55  6:04  Probe x2  
  57  6:14  Photon Cannon  
  57  6:15  Photon Cannon  
  57  6:17  Photon Cannon  
  57  6:18  Shield Battery  
  57  6:19  Probe x2  
  57  6:21  Probe  
  60  6:25  Sentry  
  60  6:31  Probe  
  63  6:35  Probe x2  
  63  6:36  Observer  
  63  6:38  Immortal  
  70  6:43  Probe  
  71  6:47  Probe x2  
  71  6:49  Gateway  
  71  6:50  Gateway  
  71  6:51  Sentry  
  75  6:56  Gateway  
  75  7:06  Probe x2  
  75  7:07  Probe  
  78  7:20  Probe x3  
  81  7:27  Immortal x2  
  93  7:31  Void Ray  
  89  7:52  Zealot  
  89  7:53  Zealot x3  
  89  7:57  Protoss Ground Armor Level 1  
  97  8:01  Forge  
  97  8:06  Twilight Council  
  97  8:09  Gateway  
  97  8:10  Immortal  
  97  8:11  Gateway  
  101  8:13  Gateway  
  101  8:15  Gateway  
  101  8:16  Gateway  
  101  8:18  Gateway, Probe  
  101  8:19  Probe x2  
  104  8:21  Pylon  
  104  8:26  Pylon  
  104  8:27  Stalker x3  
  104  8:28  Stalker  
  96  8:43  Immortal  
  80  8:58  Adept x3  
  80  8:59  Adept  
  86  9:03  Immortal  
  76  9:10  Void Ray  
  76  9:15  Immortal  
  88  9:24  Stalker  
  88  9:25  Stalker  
  88  9:26  Sentry x2  
  88  9:30  Sentry  
  98  9:32  Zealot x2  
  98  9:33  Zealot x2  
  106  9:43  Stalker  
  108  9:50  Templar Archives  
  108  9:59  Zealot x2  
  112  10:00  Zealot x3  
  112  10:03  Probe  
  112  10:04  Probe x2  
  121  10:17  Shield Battery  
  105  10:30  Sentry  
  105  10:31  Sentry  
  105  10:32  High Templar  
  105  10:33  High Templar  
  111  10:37  Archon  
Tags
 
Add a new tag
Caveats
  • Supply blocks, unpowered buildings, or Contaminate may cause inaccurate times.
  • Supply counts are checked every 10 seconds.